 Dungeon Crawl Stone Soup version 0.29.1-12-g30fa7ad0bf (webtiles) character file.

Game seed: 7635075607302871962

747 venomsnake the Magician (level 7, 0/36 HPs)
             Began as a Deep Elf Conjurer on Dec 26, 2022.
             Was a Follower of Vehumet.
             Slain by an orc
             ... wielding a +0 hand axe
              (6 damage)
             ... on level 6 of the Dungeon.
             The game lasted 00:19:43 (5842 turns).

venomsnake the Magician (Deep Elf Conjurer)         Turns: 5842, Time: 00:19:44

Health: 0/36       AC:  8    Str:  4    XL:     7   Next: 48%
Magic:  9/19       EV: 16    Int: 25    God:    Vehumet [*.....]
Gold:   179        SH:  0    Dex: 13    Spells: 13/20 levels left

rFire   . . .      SeeInvis .   v - +0 dagger (speed)
rCold   . . .      Faith    .   (no shield)
rNeg    . . .      Spirit   .   h - +1 robe {Will+}
rPois   .          Reflect  .   (no helmet)
rElec   .          Harm     .   (no cloak)
rCorr   .          Rampage  .   (no gloves)
Will    +....                   u - +0 pair of boots
Stlth   ++........              (no amulet)
HPRegen 0.12/turn               n - +4 ring of evasion
MPRegen 0.16/turn               s - +4 ring of protection

@: no status effects
A: no striking features
a: Renounce Religion


You were on level 6 of the Dungeon.
You worshipped Vehumet.
Vehumet was aware of your devotion.
You visited 1 branch of the dungeon, and saw 6 of its levels.

You collected 179 gold pieces.

Inventory:

Hand Weapons
 v - a +0 dagger of speed (weapon)
Armour
 h - a +1 robe of willpower (worn)
 u - a +0 pair of boots (worn)
Jewellery
 i - the ring of Ruemuq {rN+ Str+4}
   (You found it on level 6 of the Dungeon)

   [ring of positive energy]

   Str:       It affects your strength (+4).
   rN:        It protects you from negative energy.
 n - a +4 ring of evasion (left hand)
 s - a +4 ring of protection (right hand)
Wands
 m - a wand of paralysis (6)
Scrolls
 a - a scroll of teleportation {unknown}
 c - a scroll of poison {unknown}
 d - a scroll of enchant armour
 f - a scroll of torment {unknown}
 k - a scroll of brand weapon {unknown}
 o - a scroll of noise
 q - a scroll of vulnerability {unknown}
 t - a scroll of enchant weapon {unknown}
 x - a scroll of magic mapping {unknown}
Potions
 b - a potion of magic
 e - a potion of flight {unknown}
 g - 3 potions of degeneration
 j - 2 potions of cancellation {unknown}
 l - a potion of mutation {unknown}
 p - a potion of haste {unknown}
 r - 2 potions of attraction
 w - a potion of resistance {unknown}


   Skills:
 - Level 2.4 Dodging
 - Level 2.4 Stealth
 + Level 7.4 Spellcasting
 + Level 7.2 Conjurations
 - Level 4.0 Translocations


You had 13 spell levels left.
You knew the following spells:

 Your Spells              Type           Power      Damage    Failure   Level
a - Magic Dart            Conj           100%       1d8       1%          1
b - Searing Ray           Conj           90%        2d7       1%          2
c - Iskenderun's Mystic   Conj/Tloc      37%        2d9       6%          4

Your spell library contained the following spells:

 Spells                   Type           Power      Damage    Failure   Level
 Freeze                   Ice            36%        1d6       6%          1
 Static Discharge         Conj/Air       27%        3-7/arc   2%          2
 Dazzling Flash           Conj/Hex       54%        N/A       4%          3
 Portal Projectile        Hex/Tloc       38%        N/A       9%          3
 Fulminant Prism          Conj/Hex       13%        3d9       14%         4
 Sticky Flame             Conj/Fire      27%        2d5       14%         4
 Call Canine Familiar     Summ           9%         N/A       19%         3
 Animate Armour           Summ/Erth      18%        N/A       54%         4
 Dispel Undead            Necr           9%         3d8       54%         4
 Leda's Liquefaction      Hex/Erth       4%         N/A       54%         4
 Petrify                  Tmut/Erth      9%         N/A       54%         4
 Blade Hands              Tmut           4%         N/A       87%         5
 Metabolic Englaciation   Hex/Ice        4%         N/A       87%         5
 Iron Shot                Conj/Erth      13%        9d3       92%         6
 Statue Form              Tmut/Erth      6%         N/A       100%        6


Dungeon Overview and Level Annotations

Branches:
Dungeon (6/15)
 Temple: D:4-7

Altars:
Cheibriados
Fedhas
Gozag
Ru
Vehumet
Wu Jian
Yredelemnul
The Shining One

Annotations:
D:3 2 runed translucent doors, ZoeForever1's ghost, amateur DsAK


Message History

Aiming: Magic Dart (safe; 1% risk of failure)
Press: ? - help, Shift-Dir - straight line, f/p - centaur
Aim: a centaur, wielding a +0 shortbow (severely wounded, 100% to hit)
The magic dart hits the centaur.
The centaur is severely wounded.
The centaur shoots an arrow.
The arrow hits you.
* * * LOW HITPOINT WARNING * * *
The centaur shoots an arrow.
The arrow hits you.
* * * LOW HITPOINT WARNING * * *
Casting: Magic Dart (safe; 1% risk of failure)
Confirm with . or Enter, or press ? or * to list all spells.
Aiming: Magic Dart (safe; 1% risk of failure)
Press: ? - help, Shift-Dir - straight line, f/p - centaur
Aim: a centaur, wielding a +0 shortbow (severely wounded, 100% to hit)
The magic dart hits the centaur.
The centaur is severely wounded.
Casting: Magic Dart (safe; 1% risk of failure)
Confirm with . or Enter, or press ? or * to list all spells.
Aiming: Magic Dart (safe; 1% risk of failure)
Press: ? - help, Shift-Dir - straight line, f/p - centaur
Aim: a centaur, wielding a +0 shortbow (severely wounded, 100% to hit)
The magic dart hits the orc.
The orc is heavily wounded.
Casting: Magic Dart (safe; 1% risk of failure)
Confirm with . or Enter, or press ? or * to list all spells.
Aiming: Magic Dart (safe; 1% risk of failure)
Press: ? - help, Shift-Dir - straight line, f/p - centaur
Aim: a centaur, wielding a +0 shortbow (severely wounded, 100% to hit)
The magic dart hits the centaur.
The centaur is almost dead.
The centaur shoots an arrow.
The arrow closely misses you.
Casting: Magic Dart (safe; 1% risk of failure)
Confirm with . or Enter, or press ? or * to list all spells.
Aiming: Magic Dart (safe; 1% risk of failure)
Press: ? - help, Shift-Dir - straight line, f/p - centaur
Aim: a centaur, wielding a +0 shortbow (almost dead, 100% to hit)
The magic dart hits the orc but does no damage.
The orc is heavily wounded.
The orc hits you with a +0 hand axe.
You die...

###### #....# ##'##.#
### #.[.#.# #$.
#...#.## #.J.
##...#..#
oW##....##.#
###...###.#
###....###@#######
####.....###co......#
####.......##
#........#
...'......##
#......$..>
####....###
#........#. ######
#........# #........#
######........#
#######
..............#


You could see a centaur and an orc.

Vanquished Creatures
  A steam dragon (D:5)
  An ogre (D:4)
  A bullfrog (D:6)
  2 scorpions (D:4)
  2 hounds (D:5)
  A gnoll bouda (D:5)
  2 iguanas (D:5)
  2 orc wizards (D:5)
  3 gnolls (D:5)
  5 adders
  A worm (D:2)
  4 dart slugs
  15 orcs
  3 ball pythons
  6 endoplasms
  A giant cockroach (D:3)
  7 goblins
  7 hobgoblins
  3 quokkas
  3 bats
  3 frilled lizards (D:1)
  3 kobolds
  6 rats
82 creatures vanquished.

Notes
Turn   | Place    | Note
-------+----------+-------------------------------------------
     0 | D:1      | venomsnake the Deep Elf Conjurer began the quest for the
                  | Orb.
     0 | D:1      | Reached XP level 1. HP: 10/10 MP: 6/6
   112 | D:1      | Found a faded altar of an unknown god.
   247 | D:1      | Reached XP level 2. HP: 15/15 MP: 6/8
   282 | D:1      | Reached skill level 1 in Translocations
   473 | D:1      | Learned a level 2 spell: Searing Ray
  1088 | D:2      | Reached XP level 3. HP: 19/19 MP: 8/10
  1984 | D:2      | Reached skill level 5 in Conjurations
  2599 | D:3      | Reached XP level 4. HP: 20/24 MP: 0/12
  2713 | D:3      | Found a radiant altar of Vehumet.
  2750 | D:3      | Found a large runed translucent door.
  2763 | D:3      | Became a worshipper of Vehumet
  2776 | D:3      | Found a large runed translucent door.
  2783 | D:3      | Noticed ZoeForever1's ghost (amateur DsAK)
  3003 | D:4      | Noticed an ogre
  3003 | D:4      | Found a glowing golden altar of the Shining One.
  3142 | D:4      | Noticed a scorpion
  3154 | D:4      | Killed a scorpion
  3155 | D:4      | Reached XP level 5. HP: 28/28 MP: 7/14
  3542 | D:4      | Found an ornate altar of the Wu Jian Council.
  3542 | D:4      | Found a sacrificial altar of Ru.
  3629 | D:4      | Found a blossoming altar of Fedhas.
  3838 | D:4      | Found a snail-covered altar of Cheibriados.
  3894 | D:4      | Reached skill level 5 in Spellcasting
  4085 | D:5      | Entered Level 5 of the Dungeon
  4171 | D:4      | Killed an ogre
  4172 | D:4      | Reached XP level 6. HP: 32/32 MP: 5/16
  4863 | D:5      | Found an opulent altar of Gozag.
  5065 | D:5      | Found a basalt altar of Yredelemnul.
  5069 | D:5      | Reached * piety under Vehumet
  5069 | D:5      | Offered knowledge of Freeze by Vehumet.
  5070 | D:5      | Reached XP level 7. HP: 36/36 MP: 12/18
  5247 | D:5      | Noticed a steam dragon
  5269 | D:5      | Learned a level 4 spell: Iskenderun's Mystic Blast
  5359 | D:5      | Killed a steam dragon
  5696 | D:6      | Identified the ring of Ruemuq {rN+ Str+4}
  5842 | D:6      | Slain by an orc

Illustrated notes

Levels and vault maps discovered:
D:1:      dreamdust_arrival_beginning_and_end, layout_loops_ring,
          basic_ecumenical_altar, columned_hall_lemuel
D:2:      layout_loops_ring, nrook_campfire
D:3:      layout_rooms, nicolae_vehumet_altar_sigil,
          ebering_ghost_disaster_area, interstate_on_off
D:4:      layout_loops_ring, kennysheep_slug_shrine, grunt_temple_overflow_open,
          kennysheep_generic_room_9
D:5:      layout_rooms, mainiacjoe_overflow_alcove_4, lemuel_round_altar
D:6:      layout_basic, nicolae_elemental_shop, lightli_corner_chamber

Skill      XL: |  1  2  3  4  5  6  7 |
---------------+----------------------+-----
Translocations | 1 2 3 4 |  4.0
Conjurations   | 5 6 7 |  7.2
Spellcasting   | 4 5 6 7 |  7.4
Dodging        | |  2.4
Stealth        | |  2.4

Action                   |  1- 3 |  4- 6 |  7- 9 || total
-------------------------+-------+-------+-------++-------
 Cast: Magic Dart        |    67 |    91 |    35 ||   193
       Searing Ray       |    16 |    25 |     2 ||    43
       Iskenderun's Myst |       |       |     2 ||     2
  Use: Scroll            |     1 |     3 |       ||     4
Armor: Robe              |     2 |     4 |       ||     6
Dodge: Dodged            |     7 |    22 |     7 ||    36
